 Dungeon Crawl Stone Soup version 0.23.0 (webtiles) character file.

Game seed: 4779406547195696869

466961 Dazliare the Hoplite (level 24, -7/131 HPs)
             Began as a Vine Stalker Berserker on Feb 12, 2019.
             Was the Champion of Trog.
             Killed from afar by a deep elf high priest (19 damage)
             ... with damnation
             ... on level 4 of the Depths on Feb 13, 2019.
             The game lasted 01:49:43 (46414 turns).

Dazliare the Hoplite (Vine Stalker Berserker)      Turns: 46414, Time: 01:49:43

Health: -7/131     AC: 32    Str: 21    XL:     24   Next: 59%
Magic:  0/8        EV: 14    Int:  7    God:    Trog [******]
Gold:   3077       SH: 27    Dex: 23    Spells: 23/23 levels left

rFire    + . .     SeeInvis .   U - +9 broad axe (antimagic)
rCold    + + .     Gourm    .   u - +2 large shield {rC+}
rNeg     . . .     Faith    .   J - +4 plate armour {rPois}
rPois    +         Spirit   +   j - +0 helmet
rElec    +         Reflect  .   s - +1 cloak of Starlight {rElec rC+ EV+4 Stlth--}
rCorr    .         Harm     .   F - +2 pair of gloves {archery}
MR       +++++                  a - +2 pair of boots {run}
Stlth    ..........             S - amulet of regeneration
HPRegen  2.51/turn              B - ring of Mioggiene {+Blink +Fly rPois MR+}
MPRegen  0.11/turn              g - ring of protection from fire

@: berserk cooldown, starving, regenerating, slowed, very slow
A: fangs 3, regeneration 2, screaming 1, weak 1, magic shield, antimagic bite,
no potion heal 3, rot immunity
}: 2/15 runes: barnacled, gossamer
a: Berserk, Trog's Hand, Brothers in Arms, Renounce Religion, Evoke Blink, Evoke
Flight


You were on level 4 of the Depths.
You worshipped Trog.
Trog was exalted by your worship.
You were starving.

You visited 8 branches of the dungeon, and saw 42 of its levels.
You also visited: Ossuary, Gauntlet and Volcano.

You collected 6473 gold pieces.
You spent 3396 gold pieces at shops.

Inventory:

Hand Weapons
 U - a +9 antimagic broad axe (weapon)
 V - the +7 sceptre of Torment {pain, torment}
   (You found it on level 3 of the Elven Halls)

   In the hands of one skilled in necromantic magic, it inflicts extra damage on
   living creatures.
 X - a +9 broad axe of flaming
Missiles
 q - 17 throwing nets (quivered) {!f!f}
Armour
 a - a +2 pair of boots of running (worn)
 j - a +0 helmet (worn)
 s - the +1 cloak of Starlight (worn) {rElec rC+ EV+4 Stlth--}
   (You acquired it on level 12 of the Dungeon)

   It affects your evasion (+4).
   It protects you from cold.
   It insulates you from electricity.
   It makes you much less stealthy.
 u - a +2 large shield of cold resistance (worn)
 F - a +2 pair of gloves of archery (worn)
 J - a +4 plate armour of poison resistance (worn)
Jewellery
 g - a ring of protection from fire (right hand)
 t - the ring "Zoyserur" {rC+ rN+ Dex+3}
   (You found it on level 15 of the Dungeon)

   [ring of positive energy]

   It affects your dexterity (+3).
   It protects you from cold.
   It protects you from negative energy.
 B - the ring of Mioggiene (left hand) {+Blink +Fly rPois MR+}
   (You bought it in a shop on level 3 of the Depths)

   [ring of flight]

   It protects you from poison.
   It affects your resistance to hostile enchantments.
   It lets you fly.
   It lets you blink.
 R - a +4 ring of slaying
 S - an amulet of regeneration (around neck)
Wands
 e - a wand of enslavement (4)
 m - a wand of digging (12)
 A - a wand of scattershot (4)
 C - a wand of paralysis (8)
 L - a wand of acid (1)
 Q - a wand of disintegration (31)
Scrolls
 d - 27 scrolls of remove curse {@r2@r2}
 f - 8 scrolls of blinking
 i - 8 scrolls of immolation
 r - 11 scrolls of magic mapping
 v - 24 scrolls of teleportation
 w - 4 scrolls of fog
 y - 5 scrolls of enchant armour
 H - 9 scrolls of fear
 K - 2 scrolls of silence
 N - a scroll of holy word
 P - 10 scrolls of vulnerability
 W - 16 scrolls of identify {@r1@r1}
 Z - 2 scrolls of summoning
Potions
 b - 14 potions of curing {@q1@q1}
 h - 3 potions of flight
 k - 6 potions of might
 l - 5 potions of resistance
 n - 4 potions of cancellation
 o - 4 potions of lignification
 z - 6 potions of mutation
 E - 2 potions of invisibility
 G - 5 potions of agility
 I - 11 potions of haste
 M - 3 potions of brilliance
 T - 10 potions of ambrosia
Miscellaneous
 p - 3 phantom mirrors
 O - a fan of gales
 Y - a phial of floods
Comestibles
 c - 85 rations
 x - 4 chunks of flesh


   Skills:
 - Level 15.0 Fighting
   Level 3.8 Short Blades
 - Level 16.6(18.2) Axes
 - Level 13.6(16.8) Maces & Flails
 + Level 14.8 Armour
 - Level 5.3 Dodging
 - Level 5.0 Stealth
 * Level 22.4 Shields


You had 23 spell levels left.
You didn't know any spells.
Your spell library was empty.

Dungeon Overview and Level Annotations

Branches:
Dungeon (15/15)            Temple (0/1) D:5            Lair (6/6) D:11
 Shoals (4/4) Lair:3       Spider (4/4) Lair:4        Slime (0/5) Lair:6
    Orc (2/2) D:9             Elf (3/3) Orc:2        Vaults (4/5) D:13
  Crypt (0/3) Vaults:2     Depths (4/5) D:15

Altars:
Gozag
Xom
The Shining One
Beogh
Lugonu

Shops:
D:5 ?   D:9 !   D:11 [   Orc:1 }   Orc:2 ![%?}   Shoals:2 !   Vaults:3 ?
Depths:2 [   Depths:3 *[

Portals:
Hell: Depths:1 Depths:2 Depths:3
Abyss: Depths:1
Pandemonium: Depths:2 Depths:3
Ziggurat: Depths:2

Annotations:
Lair:4 exclusion: 4 oklob plants
Lair:5 2 transporters, Darubir's ghost, journeyman CeAM
Lair:6 1 runed translucent door, Melum's ghost, journeyman HOFE
Shoals:2 3 runed translucent doors, exclusion: obsidian statue, Prakerore's ghost, adept MiBe
Shoals:4 exclusion: 2 oklob plants
Spider:1 exclusion: downstairs
Elf:2 5 runed translucent doors
Depths:1 exclusion: orange crystal statue


Innate Abilities, Weirdness & Mutations

You have razor-sharp teeth.
You heal very quickly.
When hurt, damage is shared between your health and your magic reserves.
Your bite disrupts and absorbs the magic of your enemies.
Potions cannot restore your health.
You are immune to rotting.
You occasionally shout uncontrollably at your foes.
You are weak. (Str -2)


Message History

There is a large open door here.
You regained 3 hp, and now have 11/131 hp.
You regained 4 hp, and now have 15/131 hp.
Evoke which item? (* to show all) (? for menu, Esc to quit)
Aiming: Disintegrate
Press: ? - help, Shift-Dir - straight line, f - soul eater
Aim: a soul eater (lightly wounded, chance to defeat MR: 0%)
Okay, then.
Evoke which item? (* to show all) (? for menu, Esc to quit)
Okay, then.
Unknown command.
Your deep troll goes berserk!
You are starving!
The soul eater draws from the surrounding life force!
* * * LOW HITPOINT WARNING * * *
Your deep troll is drained of life.
The soul eater is healed.
You take 7 damage, and have 8/131 hp.
You now have 2/8 mp.
The deep elf high priest invokes the aid of its god against you.
The sphere of damnation explodes!
The damnation engulfs you!!
You die...

#).8.^ ...... +...8..
....... #### ....8.. ...#
##....... .>.#
##############e)...8..
...###8#8#88##8#8##)###....
...#............@.#........
...'..............e3.....##
...'...)........T.'.....#..
...#..............#.......⌠
.8.###8#8#88##8#8##.....#..
#..# ##############......##
##.# #........ ###
#.###.... #.( ....


You could see a soul eater, a deep elf high priest and a friendly deep troll
(berserk).

Vanquished Creatures
  Boris (Depths:3)
  Margery (Vaults:2)
  A caustic shrike (Depths:3)
  Nikola (Elf:2)
  2 liches (Depths:2)
  2 deep elf blademasters (Elf:3)
  2 titans
  A deep elf master archer (Elf:3)
  A kraken (Shoals:3)
  Gastronok (Orc:1)
  Frances (Spider:1)
  3 tengu reavers
  Roxanne (Elf:1)
  7 fire giants
  7 frost giants
  9 deep elf sorcerers (Elf:3)
  4 ghost moths (Spider:4)
  An iron dragon (Depths:2)
  5 vault wardens
  2 deep elf elementalists (Elf:3)
  7 emperor scorpions
  7 ironheart preservers
  12 very ugly things
  A reaper (Depths:4)
  2 entropy weavers
  2 vampire knights
  10 stone giants
  8 deep elf demonologists (Elf:3)
  4 spark wasps
  9 deep elf annihilators
  A minotaur (Gauntlet)
  A dire elephant (Lair:6)
  Snorg (Orc:1)
  3 merfolk javelineers
  5 ettins
  3 jiangshi (Depths:3)
  A crystal guardian (Elf:3)
  4 deep elf death magi
  4 yaktaur captains
  9 great orbs of eyes
  10 merfolk impalers
  4 deep elf high priests (Elf:3)
  11 ogre magi
  18 vault guards
  10 fire dragons
  5 ice dragons
  4 hydras
  4 rakshasas
  2 spriggan air magi (Depths:3)
  2 death knights
  3 merfolk avatars
  A hydra (shapeshifter) (Depths:3)
  An alligator snapping turtle (Shoals:4)
  3 catoblepae
  41 two-headed ogres
  An anaconda (shapeshifter) (Depths:3)
  8 tengu warriors
  17 centaur warriors
  2 vampire magi
  2 satyrs
  10 dancing weapons
  8 merfolk aquamancers
  An alligator (shapeshifter) (Depths:3)
  7 deep troll earth magi
  Urug (Lair:2)
  13 deep troll shamans
  A queen ant (Lair:6)
  An orc high priest (Orc:2)
  2 spriggan berserkers
  3 soul eaters
  15 deep elf knights
  Sonja (Lair:1)
  A fire crab (Gauntlet)
  2 titan zombies (D:15)
  5 hell knights
  5 iron trolls
  25 deep trolls
  15 skeletal warriors
  21 sea snakes
  A small abomination (Elf:3)
  6 unseen horrors
  6 glowing orange brains
  3 flayed ghosts
  A sphinx zombie (D:15)
  A kraken simulacrum (Shoals:4)
  A tengu zombie (Depths:1)
  13 deep elf archers
  9 ironbrand convokers
  7 necromancers
  A phantasmal warrior (Vaults:2)
  2 lindwurms (Lair:6)
  Pikel (D:9)
  24 harpies
  3 wizards
  44 wolf spiders
  A manticore (shapeshifter) (Depths:3)
  24 orb spiders
  9 orc knights
  An orb spider (shapeshifter) (Depths:3)
  36 ugly things
  8 orc sorcerers
  58 deep elf magi
  A fire giant zombie (Depths:2)
  3 stone giant zombies
  20 manticores
  7 cyclopes
  A moth of wrath (Spider:4)
  A tengu skeleton (Depths:1)
  A worldbinder (Gauntlet)
  6 merfolk sirens
  4 torpor snails
  8 elephants
  A shining eye (shapeshifter) (Vaults:1)
  15 fauns
  A black mamba (shapeshifter) (Depths:2)
  8 vault sentinels
  A frost giant skeleton (Depths:2)
  2 molten gargoyles (Volcano)
  A smoke demon (Volcano)
  7 black mambas
  An ice statue (Shoals:3)
  16 spiny frogs
  A gargoyle (D:13)
  8 water nymphs
  A rime drake (shapeshifter) (Depths:2)
  4 rime drakes
  9 komodo dragons
  6 freezing wraiths
  11 demonic crawlers
  4 tengu conjurers
  28 yaktaurs
  A queen bee (Lair:3)
  5 trolls
  A red devil (Volcano)
  25 merfolk
  A wind drake (shapeshifter) (Vaults:4)
  41 jumping spiders
  13 hornets
  8 wind drakes
  11 polar bears
  9 snapping turtles
  12 slime creatures
  13 hippogriffs
  An iron dragon simulacrum (Depths:2)
  3 dream sheep
  10 blink frogs
  An ettin zombie (Depths:1)
  A stone giant simulacrum (Depths:2)
  A redback (shapeshifter) (Vaults:1)
  2 spriggans
  5 air elementals
  A centaur simulacrum (D:13)
  77 redbacks
  2 vampires
  4 flying skulls (Depths:4)
  A yak (shapeshifter) (Depths:3)
  A deep troll skeleton (Depths:1)
  51 yaks
  3 shadows
  3 wyverns
  10 wraiths
  36 tarantellas
  5 fire bats
  4 fire elementals
  A spriggan (shapeshifter) (Elf:3)
  16 water elementals
  A golden eye (shapeshifter) (Depths:3)
  6 basilisks
  A hungry ghost (D:12)
  4 vampire mosquitoes
  A hog (shapeshifter) (Depths:3)
  Grum (D:9)
  9 wargs
  22 soldier ants (Lair:6)
  16 hell hounds
  2 acid dragons
  9 porcupines
  15 water moccasins
  Duvessa (D:4)
  37 orc warriors
  2 slaves (D:9)
  15 black bears
  An eye of draining (D:13)
  2 ice beasts
  37 ogres
  7 sky beasts
  A necrophage (D:9)
  2 phantoms
  A hornet zombie (D:15)
  7 boggarts
  39 wolves
  17 crocodiles
  30 centaurs
  A big kobold (D:10)
  18 bullfrogs
  An elf zombie (Ossuary)
  A wyvern zombie (D:13)
  Dowan (D:4)
  A water moccasin zombie (D:11)
  3 scorpions
  35 killer bees
  21 wights
  2 electric eels
  4 crimson imps
  A howler monkey (D:7)
  3 bullfrog zombies
  3 lava snakes (Volcano)
  2 quasits
  10 jellies
  19 orc priests
  A gnoll shaman (D:4)
  A bullfrog skeleton (D:10)
  5 hounds
  An iron imp (Depths:2)
  7 centaur skeletons
  An iguana (D:8)
  24 worker ants
  38 orc wizards
  5 big kobold zombies (Ossuary)
  4 hound skeletons
  2 mummies (Ossuary)
  A worker ant zombie (D:7)
  11 gnolls
  2 howler monkey skeletons (D:4)
  A river rat (Lair:3)
  12 adders
  3 shadow imps
  4 oozes
  2 adder skeletons
  4 worms
  3 dart slugs
  6 leopard geckos
  65 orcs
  6 giant cockroaches
  9 goblins
  5 hobgoblins (D:1)
  8 jackals
  14 kobolds
  6 quokkas
  3 ball pythons
  A ball python zombie (D:5)
  9 bats
  5 frilled lizards
  3 goblin zombies (Ossuary)
  3 hobgoblin zombies (Ossuary)
  A jackal zombie (D:5)
  2 orc zombies (Ossuary)
  7 rats
  3 crawling corpses (Elf:3)
  7 fungi
  10 plants
  4 tentacles
1970 creatures vanquished.

Vanquished Creatures (collateral kills)
  Mennas (Depths:3)
  An entropy weaver (Lair:6)
  A vampire knight (Depths:3)
  A fire dragon (Depths:3)
  A merfolk impaler (Shoals:4)
  A vampire mage (Depths:3)
  A hell knight (Volcano)
  2 sea snakes (Shoals:1)
  2 phantasmal warriors (Depths:3)
  An orb spider (Spider:4)
  2 fauns (Shoals:1)
  A deep elf mage (D:12)
  A water nymph (Shoals:4)
  3 merfolk sirens (Shoals:1)
  A red devil (Volcano)
  A wind drake (Shoals:4)
  4 merfolk
  2 snapping turtles (Shoals:1)
  A fire bat (Gauntlet)
  A water elemental (Shoals:1)
  3 soldier ants (Lair:6)
  2 hell hounds (Gauntlet)
  3 boggarts (Depths:3)
  2 worker ants (Lair:6)
39 creatures vanquished.

Vanquished Creatures (others)
  A merfolk aquamancer (Shoals:1)
  A wolf spider (Spider:2)
  2 orb spiders
  An ugly thing (Depths:1)
  A hornet (Spider:2)
  A jumping spider (Spider:4)
  A redback (Spider:2)
  A slave (D:9)
  10 fungi
  16 plants
  15 tentacles
50 creatures vanquished.

Grand Total: 2059 creatures vanquished

Notes
Turn   | Place    | Note
-------+----------+-------------------------------------------
     0 | D:1      | Dazliare the Vine Stalker Berserker began the quest for the
                  | Orb.
     0 | D:1      | Reached XP level 1. HP: 11/11 MP: 2/2
    66 | D:1      | Reached XP level 2. HP: 16/16 MP: 3/3
   613 | D:1      | Reached XP level 3. HP: 17/20 MP: 4/4
  1060 | D:2      | Reached ** piety under Trog
  1206 | D:2      | Reached skill level 1 in Stealth
  1358 | D:2      | Gained mutation: Your natural rate of healing is unusually
                  | fast. [Vine Stalker growth]
  1358 | D:2      | Reached XP level 4. HP: 25/25 MP: 5/5
  2242 | D:3      | Reached XP level 5. HP: 30/30 MP: 6/6
  2244 | D:3      | Reached *** piety under Trog
  2553 | D:2      | Found an opulent altar of Gozag.
  2659 | D:4      | Reached XP level 6. HP: 34/34 MP: 7/7
  2746 | D:4      | Reached skill level 5 in Fighting
  2830 | D:4      | Noticed Dowan
  2830 | D:4      | Noticed Duvessa
  2840 | D:4      | Killed Duvessa
  2840 | D:4      | Reached skill level 1 in Maces & Flails
  2844 | D:4      | Killed Dowan
  2844 | D:4      | Reached XP level 7. HP: 39/39 MP: 8/8
  3151 | D:4      | Reached **** piety under Trog
  3293 | D:5      | Entered Level 5 of the Dungeon
  3308 | D:5      | Reached skill level 5 in Stealth
  3361 | D:5      | Found a staircase to the Ecumenical Temple.
  3380 | D:5      | Gained mutation: You have razor-sharp teeth. [Vine Stalker
                  | growth]
  3380 | D:5      | Reached XP level 8. HP: 38/45 MP: 9/9
  3791 | D:5      | Found Riubum's Magic Scroll Shop.
  3793 | D:5      | Bought a scroll of identify for 28 gold pieces
  3804 | D:5      | Bought a scroll of blinking for 105 gold pieces
  3804 | D:5      | Bought a scroll of fear for 49 gold pieces
  3804 | D:5      | Bought a scroll of teleportation for 42 gold pieces
  4437 | D:6      | Reached skill level 5 in Maces & Flails
  4437 | D:6      | Reached XP level 9. HP: 42/51 MP: 6/10
  4695 | D:6      | Reached ***** piety under Trog
  5213 | D:7      | Found a sand-covered staircase.
  5233 | Ossuary  | Entered an ossuary
  5536 | D:7      | You fall through a shaft!
  5669 | D:8      | Received a gift from Trog
  6381 | D:7      | Reached XP level 10. HP: 56/56 MP: 11/11
  6635 | D:7      | Found a glowing golden altar of the Shining One.
  6805 | D:9      | Found Hixumini's Distillery.
  6829 | D:9      | Bought a potion of haste for 140 gold pieces
  6829 | D:9      | Bought a potion of might for 56 gold pieces
  6925 | D:9      | Found a staircase to the Orcish Mines.
  6931 | D:9      | Reached skill level 10 in Maces & Flails
  6950 | D:9      | Noticed Pikel
  7360 | D:9      | Noticed Grum
  7381 | D:9      | Killed Grum
  7401 | D:9      | Killed Pikel
  7854 | Orc:1    | Entered Level 1 of the Orcish Mines
  7854 | Orc:1    | Found Kiloaxt's Gadget Shoppe.
  7882 | D:10     | Entered Level 10 of the Dungeon
  8722 | D:10     | Reached XP level 11. HP: 39/60 MP: 12/12
  8905 | D:11     | Found Vuddaiq's Antique Armour Shoppe.
  8949 | D:11     | Bought a helmet for 139 gold pieces
  8949 | D:11     | Bought a pair of glowing gloves for 232 gold pieces
  9053 | D:11     | Found a staircase to the Lair.
  9123 | D:11     | Killed an unseen horror
  9280 | D:11     | Noticed a purple ugly thing
  9289 | D:11     | Killed a purple ugly thing
  9368 | D:11     | Received a gift from Trog
  9516 | Lair:1   | Entered Level 1 of the Lair of Beasts
  9649 | Lair:1   | Noticed Sonja
  9751 | Lair:1   | Found a dark tunnel.
  9756 | Volcano  | Entered a volcano
 10148 | Volcano  | Found a radiant altar of Vehumet.
 10148 | Volcano  | Noticed a red ugly thing
 10163 | Volcano  | Killed a red ugly thing
 10179 | Volcano  | Noticed a hell knight
 10180 | Volcano  | Killed a hell knight
 10238 | Volcano  | Reached skill level 1 in Axes
 10695 | Lair:1   | Gained mutation: You heal very quickly. [Vine Stalker
                  | growth]
 10695 | Lair:1   | Reached XP level 12. HP: 59/64 MP: 13/13
 10819 | Lair:1   | Killed Sonja
 11152 | Lair:1   | Reached skill level 5 in Axes
 11152 | Lair:1   | Reached skill level 5 in Armour
 11307 | Lair:2   | Noticed Urug
 11320 | Lair:2   | Killed Urug
 12668 | Lair:3   | Reached XP level 13. HP: 56/68 MP: 11/14
 12792 | Lair:3   | Reached ****** piety under Trog
 12842 | Lair:3   | Received a gift from Trog
 12926 | Lair:3   | Reached skill level 10 in Axes
 13068 | Lair:3   | You fall through a shaft for 2 floors!
 13213 | Lair:5   | Found a transporter.
 13213 | Lair:5   | Noticed Darubir's ghost (journeyman CeAM)
 13225 | Lair:5   | Found a transporter.
 13235 | Lair:5   | Found a gate leading to a gauntlet.
 13247 | Gauntlet | Entered a Gauntlet
 13247 | Gauntlet | Found a transporter.
 13247 | Gauntlet | Found a transporter.
 13255 | Gauntlet | Found a transporter.
 13259 | Gauntlet | Found a transporter.
 13263 | Gauntlet | Found a runed translucent door.
 13265 | Gauntlet | Found a runed translucent door.
 13267 | Gauntlet | Found a transporter.
 13271 | Gauntlet | Found a transporter.
 13279 | Gauntlet | Found a transporter.
 13293 | Gauntlet | Found a runed translucent door.
 13295 | Gauntlet | Found a transporter.
 13297 | Gauntlet | Found a runed translucent door.
 13309 | Gauntlet | Found a transporter.
 13313 | Gauntlet | Found a transporter.
 13324 | Gauntlet | Found a transporter.
 13325 | Gauntlet | Found a transporter.
 13557 | Gauntlet | Got a shimmering bone amulet
 13619 | Gauntlet | Noticed a minotaur
 13624 | Gauntlet | Killed a minotaur
 13863 | Lair:4   | Identified the amulet "Rakogayz" {Inacc rPois} (You found
                  | it in a Gauntlet)
 13978 | Lair:4   | Found a hole to the Spider Nest.
 14175 | Lair:3   | Found a staircase to the Shoals.
 14447 | Lair:3   | Received a gift from Trog
 15025 | Lair:4   | Reached XP level 14. HP: 61/74 MP: 11/15
 16075 | Lair:6   | Entered Level 6 of the Lair of Beasts
 16252 | Lair:6   | Noticed an entropy weaver
 16263 | Lair:6   | Noticed an entropy weaver
 16265 | Lair:6   | Killed an entropy weaver
 16269 | Lair:6   | Killed an entropy weaver
 16321 | Lair:6   | Reached skill level 5 in Dodging
 16321 | Lair:6   | Reached XP level 15. HP: 79/79 MP: 14/16
 16459 | D:11     | Bought a buckler for 139 gold pieces
 16687 | Lair:6   | Received a gift from Trog
 16795 | Lair:6   | Found a runed translucent door.
 16795 | Lair:6   | Found a shimmering altar of Xom.
 16795 | Lair:6   | Noticed Melum's ghost (journeyman HOFE)
 17172 | Lair:6   | Reached skill level 10 in Fighting
 17379 | Lair:6   | Received a gift from Trog
 17393 | Lair:6   | Got a smoking executioner's axe {god gift}
 17399 | Lair:6   | Identified the +14 executioner's axe of Precise Incision
                  | {protect, Stlth+} (Trog gifted it to you on level 6 of the
                  | Lair of Beasts)
 17593 | Lair:6   | Found a staircase to the Slime Pits.
 18104 | Lair:6   | Reached XP level 16. HP: 67/86 MP: 17/17
 18576 | Orc:1    | Found a roughly hewn altar of Beogh.
 18577 | Orc:1    | Noticed Gastronok
 18599 | Orc:1    | Killed Gastronok
 18738 | Orc:2    | Entered Level 2 of the Orcish Mines
 18786 | Orc:2    | Reached skill level 15 in Axes
 18858 | Orc:2    | Received a gift from Trog
 19231 | Orc:2    | Found Feb Tiuti's Distillery.
 19231 | Orc:2    | Found Cepeis's Food Shop.
 19232 | Orc:2    | Found Ogisot's Magic Scroll Shop.
 19235 | Orc:2    | Found Vaot's Antique Armour Boutique.
 19240 | Orc:2    | Bought a scroll of acquirement for 728 gold pieces
 19240 | Orc:2    | Bought a scroll of brand weapon for 280 gold pieces
 19377 | Orc:2    | Found a staircase to the Elven Halls.
 19380 | Orc:2    | Found Wuegoung's Gadget Shoppe.
 19439 | Orc:2    | Found a roughly hewn altar of Beogh.
 19742 | Orc:1    | Noticed Snorg
 19753 | Orc:1    | Killed Snorg
 20329 | D:12     | Received a gift from Trog
 20559 | D:12     | Found the +1 cloak of Starlight {rElec rC+ EV+4 Stlth--}
 21246 | D:13     | Found a gate to the Vaults.
 23495 | Spider:1 | Entered Level 1 of the Spider Nest
 23576 | Spider:1 | Received a gift from Trog
 24079 | Spider:1 | Reached XP level 17. HP: 90/93 MP: 16/18
 24080 | Spider:1 | Reached skill level 1 in Shields
 24107 | Spider:1 | Noticed Frances
 24110 | Spider:1 | Reached skill level 2 in Shields
 24237 | Spider:1 | Killed Frances
 24237 | Spider:1 | Received a gift from Trog
 24237 | Spider:1 | Reached skill level 3 in Shields
 24446 | Spider:1 | Reached skill level 4 in Shields
 25034 | Spider:2 | Received a gift from Trog
 25302 | Spider:1 | Reached skill level 5 in Shields
 25981 | Spider:3 | Reached skill level 6 in Shields
 26199 | Spider:3 | Received a gift from Trog
 26541 | Spider:4 | Entered Level 4 of the Spider Nest
 26579 | Spider:4 | Reached skill level 10 in Armour
 26674 | Spider:4 | Reached XP level 18. HP: 96/98 MP: 17/19
 26732 | Spider:4 | Reached skill level 7 in Shields
 27307 | Spider:4 | Received a gift from Trog
 27562 | Spider:4 | Reached skill level 8 in Shields
 27738 | Spider:4 | Got a gossamer rune of Zot
 27949 | Shoals:1 | Entered Level 1 of the Shoals
 28359 | Shoals:1 | Reached skill level 9 in Shields
 28393 | Shoals:1 | Received a gift from Trog
 28729 | Shoals:1 | Reached skill level 10 in Shields
 28883 | Shoals:1 | You fall through a shaft!
 29036 | Shoals:2 | Found a runed translucent gate.
 29067 | Shoals:2 | Found a runed translucent gate.
 29067 | Shoals:2 | Found a runed translucent gate.
 29068 | Shoals:2 | Found an opulent altar of Gozag.
 29069 | Shoals:2 | Noticed Prakerore's ghost (adept MiBe)
 29224 | Shoals:2 | Reached XP level 19. HP: 102/102 MP: 20/20
 29245 | Shoals:2 | Received a gift from Trog
 29282 | Shoals:2 | Found Taogaqov's Assorted Antiques.
 29343 | Shoals:2 | Reached skill level 11 in Shields
 29451 | Shoals:2 | Found Lebeiwen's Distillery.
 30005 | Shoals:3 | Identified a +0 pair of boots of running (You acquired it
                  | on level 3 of the Shoals)
 30011 | Shoals:3 | Identified the ring "Zupetzi" {+Blink rC+++ rN+ MR- Stlth-}
                  | (You acquired it on level 3 of the Shoals)
 30497 | Shoals:3 | Found a frozen archway.
 30578 | Shoals:3 | Received a gift from Trog
 30662 | Shoals:3 | Reached skill level 12 in Shields
 31191 | Shoals:4 | Entered Level 4 of the Shoals
 31999 | Shoals:4 | Reached skill level 13 in Shields
 32030 | Shoals:4 | Got a barnacled rune of Zot
 32241 | Shoals:4 | Received a gift from Trog
 32758 | Vaults:1 | Entered Level 1 of the Vaults
 32964 | Vaults:1 | Found Widok's Jewellery Shop.
 32993 | Vaults:1 | Reached XP level 20. HP: 103/109 MP: 17/21
 33160 | Vaults:1 | Reached skill level 14 in Shields
 33245 | Vaults:1 | Received a gift from Trog
 33276 | Vaults:1 | Gained mutation: You are weak. (Str -2) [a shining eye]
 33277 | Vaults:1 | Gained mutation: You occasionally shout uncontrollably at
                  | your foes. [a shining eye]
 34306 | Vaults:2 | Reached skill level 15 in Shields
 34309 | Vaults:2 | Received a gift from Trog
 34368 | Vaults:2 | Noticed Margery
 34393 | Vaults:2 | Killed Margery
 34706 | Vaults:2 | Received a gift from Trog
 35125 | Vaults:2 | Found a staircase to the Crypt.
 35338 | Vaults:2 | Reached XP level 21. HP: 116/116 MP: 22/22
 35495 | Vaults:2 | Reached skill level 16 in Shields
 36144 | Vaults:3 | Received a gift from Trog
 36423 | Vaults:3 | Found Tenavvok's Magic Scroll Boutique.
 36428 | Vaults:3 | Bought a scroll of blinking for 165 gold pieces
 36751 | Vaults:4 | Reached skill level 15 in Fighting
 36762 | Vaults:4 | Reached skill level 17 in Shields
 37130 | Vaults:4 | Received a gift from Trog
 37283 | Vaults:4 | Identified the +0 pair of boots of Jostrakoo {+Inv rElec
                  | Str+2 Int+2} (You found it on level 4 of the Vaults)
 38207 | Elf:1    | Entered Level 1 of the Elven Halls
 38313 | Elf:1    | Reached skill level 18 in Shields
 38403 | Elf:1    | Noticed Roxanne
 38426 | Elf:1    | Killed Roxanne
 38904 | Elf:1    | Received a gift from Trog
 39134 | Elf:2    | Reached XP level 22. HP: 105/122 MP: 19/23
 39365 | Elf:2    | Noticed Nikola
 39378 | Elf:2    | Killed Nikola
 39423 | Elf:2    | Found a huge runed translucent gate.
 39423 | Elf:2    | Found a huge runed translucent gate.
 39423 | Elf:2    | Found a huge runed translucent gate.
 39424 | Elf:2    | Found a huge runed translucent gate.
 39425 | Elf:2    | Found a huge runed translucent gate.
 39659 | Elf:3    | Entered Level 3 of the Elven Halls
 39783 | Elf:3    | Received a gift from Trog
 39959 | Elf:3    | Reached skill level 19 in Shields
 40988 | Elf:3    | Received a gift from Trog
 41365 | Elf:3    | Identified the Collected Works on Nocuous Transmutation
 41422 | Elf:3    | Identified Zoidegir's Volume of Boosting Transmutation
 41430 | Elf:3    | Found the +7 sceptre of Torment {pain, torment}
 41522 | Elf:3    | Found the +12 glaive of Prune {chop}
 41534 | Elf:3    | Received a gift from Trog
 41557 | Elf:3    | Identified the Collected Works on Captivating Attacks
 41842 | D:15     | Entered Level 15 of the Dungeon
 41902 | D:15     | Reached skill level 20 in Shields
 41922 | D:15     | Found a staircase to the Depths.
 42046 | D:15     | Identified the ring "Zoyserur" {rC+ rN+ Dex+3} (You found
                  | it on level 15 of the Dungeon)
 42304 | D:15     | Reached XP level 23. HP: 100/126 MP: 8/24
 42490 | D:15     | Received a gift from Trog
 42787 | Depths:1 | Entered Level 1 of the Depths
 42787 | Depths:1 | Found a gateway to Hell.
 42815 | Depths:1 | HP: 8/189 [deep troll (7)]
 42822 | Depths:1 | HP: 8/189 [very ugly thing simulacrum (4)]
 43219 | Depths:1 | Found a corrupted altar of Lugonu.
 43220 | Depths:1 | Found a one-way gate to the infinite horrors of the Abyss.
 43897 | Depths:2 | Found a gateway to a ziggurat.
 43977 | Depths:2 | Received a gift from Trog
 44127 | Depths:2 | Reached skill level 21 in Shields
 44300 | Depths:2 | Found a one-way gate leading to the halls of Pandemonium.
 44554 | Depths:2 | Found Tieguadupt's Antique Armour Boutique.
 44822 | Depths:3 | Noticed Boris
 44836 | Depths:3 | Killed Boris
 44893 | Depths:3 | Received a gift from Trog
 45146 | Depths:3 | Reached XP level 24. HP: 131/131 MP: 8/24
 45164 | Depths:3 | Noticed Mennas
 45196 | Depths:3 | Killed Mennas
 45396 | Depths:3 | Noticed a caustic shrike
 45417 | Depths:3 | Killed a caustic shrike
 45422 | Depths:3 | Reached skill level 22 in Shields
 45507 | Depths:3 | Identified the Volume of Companions and Conjuration
 45566 | Depths:3 | Received a gift from Trog
 45617 | Depths:3 | Identified the cursed +0 dagger of Supply {flame, rPois
                  | rN+}
 45684 | Depths:3 | Found Neur's Armour Shop.
 46022 | Depths:3 | Found Zazxy's Island Escapes.
 46284 | Depths:3 | Bought the ring of Mioggiene {+Blink +Fly rPois MR+} for
                  | 949 gold pieces
 46284 | Depths:3 | Bought a scroll of blinking for 172 gold pieces
 46284 | Depths:3 | Bought a scroll of blinking for 172 gold pieces
 46407 | Depths:4 | HP: 5/131 [soul eater (7)]
 46414 | Depths:4 | Killed from afar by a deep elf high priest

Skill      XL: |  1  2  3  4  5  6  7  8  9 10 11 12 13 14 15 16 17 18 19 20 21 22 23 24 |
---------------+-------------------------------------------------------------------------+-----
Fighting       | 3 4 5 6 8 9 10 12 13 14 15 | 15.0
Short Blades   | 3 |  3.8
Stealth        | 1 2 3 5 |  5.0
Maces & Flails | 1 2 5 9 11 13 | 13.6
Armour         | 4 6 10 12 14 | 14.8
Axes           | 2 8 12 13 14 16 | 16.6
Dodging        | 5 |  5.3
Shields        | 6 10 13 15 18 20 21 22 | 22.4

Action                   |  1- 3 |  4- 6 |  7- 9 | 10-12 | 13-15 | 16-18 | 19-21 | 22-24 || total
-------------------------+-------+-------+-------+-------+-------+-------+-------+-------++-------
Melee: Short sword       |    96 |   118 |       |       |       |       |       |       ||   214
       Bite              |    24 |    43 |   142 |   192 |   286 |   562 |   644 |   665 ||  2558
       Whip              |       |    10 |   296 |    23 |       |       |       |       ||   329
       Dire flail        |       |       |    79 |   278 |       |       |       |       ||   357
       Great mace        |       |       |       |    53 |       |       |       |       ||    53
       Broad axe         |       |       |       |   189 |   652 |  1307 |  1462 |  1310 ||  4920
       Executioner's axe |       |       |       |       |    92 |     1 |       |       ||    93
       Eveningstar       |       |       |       |       |       |       |       |    56 ||    56
Throw: Stone             |    16 |     2 |       |       |       |       |       |       ||    18
       Throwing net      |       |       |       |       |       |       |     2 |       ||     2
Invok: Berserk           |     3 |     5 |     8 |    11 |    18 |    18 |    16 |    16 ||    95
       Trog's Hand       |       |       |     2 |       |     2 |     4 |       |     4 ||    12
       Brothers in Arms  |       |       |       |     2 |     2 |     5 |     1 |     4 ||    14
Evoke: Wand              |       |       |       |     3 |     2 |     4 |     1 |       ||    10
  Use: Scroll            |       |       |    11 |    17 |    13 |     9 |    18 |    12 ||    80
       Potion            |       |       |       |       |     2 |     1 |     1 |     4 ||     8
 Stab: Sleeping          |       |     1 |     4 |     3 |     3 |     3 |       |       ||    14
       Petrifying        |       |       |       |       |     1 |       |       |       ||     1
       Petrified         |       |       |       |       |     1 |       |       |       ||     1
       Distracted        |       |       |       |       |       |     1 |     1 |     1 ||     3
       Held in net/web   |       |       |       |       |       |     1 |     1 |       ||     2
  Eat: Chunk             |     4 |     8 |    17 |    48 |    37 |    60 |    38 |    33 ||   245
       Ration            |       |       |     1 |       |       |       |       |     2 ||     3
Armor: Animal skin       |     1 |       |       |       |       |       |       |       ||     1
       Ring mail         |    26 |    37 |       |       |       |       |       |       ||    63
       Scale mail        |       |       |   154 |   318 |   505 |   620 |   270 |   182 ||  2049
       Plate armour      |       |       |       |       |       |       |       |   160 ||   160
Dodge: Dodged            |    50 |    72 |   147 |   269 |   460 |   743 |   365 |   413 ||  2519
Block: Buckler           |       |       |       |       |    36 |    25 |       |       ||    61
       Large shield      |       |       |       |       |       |   811 |  1229 |  1358 ||  3398
